 Dungeon Crawl Stone Soup version 0.30-a0-605-gb2882149bf (webtiles) character file.

Game seed: 13852780265962246047

115 gelatine the Shooter (level 4, -6/34 HPs)
             Began as a Demonspawn Hunter on Jan 7, 2023.
             Mangled by a gnoll
             ... wielding a +0 halberd
              (14 damage)
             ... on level 3 of the Dungeon.
             The game lasted 00:03:08 (990 turns).

gelatine the Shooter (Demonspawn Hunter)             Turns: 990, Time: 00:03:08

Health: -6/34      AC:  6    Str: 11    XL:     4   Next: 68%
Magic:  4/4        EV: 11    Int: 10    God:
Gold:   53         SH:  0    Dex: 19    Spells: 3/3 levels left

rFire   . . .      SeeInvis .    a - +0 shortbow
rCold   . . .      Faith    .    (shield currently unavailable)
rNeg    . . .      Spirit   .    i - +0 ring mail
rPois   .          Reflect  .    (no helmet)
rElec   .          Harm     .    (no cloak)
rCorr   .          Rampage  .    (no gloves)
Will    .....                    (no boots)
Stlth   +                        (no amulet)
HPRegen 0.25/turn                (no ring)
MPRegen 0.09/turn                (no ring)

@: no status effects
A: demonic guardian 1, sharp scales 1
a: no special abilities


You were on level 3 of the Dungeon.
You visited 1 branch of the dungeon, and saw 3 of its levels.

You collected 53 gold pieces.

Inventory:

Hand Weapons
 a - a +0 shortbow (weapon)
Missiles
 j - 4 curare-tipped darts
 k - 2 poisoned darts
Armour
 c - a +0 leather armour
 i - a +0 ring mail (worn)
Scrolls
 b - a scroll of immolation
 d - a scroll of noise {unknown}
 e - 4 scrolls of identify {unknown}
 f - 2 scrolls of blinking {unknown}
 m - a scroll of fog {unknown}
 o - a scroll of amnesia {unknown}
 q - a scroll of fear {unknown}
Potions
 g - a potion of mutation {unknown}
 h - a potion of flight {unknown}
 l - a potion of brilliance {unknown}
 n - a potion of might {unknown}
 p - a potion of invisibility {unknown}


   Skills:
 * Level 2.5 Fighting
 * Level 5.0 Ranged Weapons
 * Level 0.4 Armour
 * Level 2.0 Dodging
 * Level 1.3 Stealth


You had 3 spell levels left.
You didn't know any spells.
Your spell library was empty.

Dungeon Overview and Level Annotations

Branches:
Dungeon (3/15)

Altars:


Innate Abilities, Weirdness & Mutations

A weak demonic guardian rushes to your aid.
You are partially covered in razor-sharp scales. (AC +1, Slay +1)


Message History

You climb downwards.
The jackal barely misses you. The gnoll hits you with a +0 whip.
There is a stone staircase leading up here.
You shoot an arrow. The arrow hits the gnoll!
The gnoll is severely wounded.
The gnoll completely misses you.
A bat comes into view.
The jackal closely misses you. The jackal barely misses you.
The gnoll barely misses you.
You shoot an arrow. The arrow hits the gnoll!
You kill the gnoll!
The jackal barely misses you. The jackal closely misses you.
The jackal bites you but does no damage.
The jackal closely misses you.
You shoot an arrow. The arrow hits the gnoll!
The gnoll is severely wounded.
The jackal misses you. The jackal barely misses you.
The gnoll hits you but does no damage. The jackal bites you.
The jackal closely misses you.
You shoot an arrow. The arrow barely misses the gnoll.
The gnoll misses you. The gnoll hits you but does no damage.
The jackal barely misses you.
The jackal bites you but does no damage.
The gnoll hits you with a +0 whip.
The gnoll hits you from afar with a +0 halberd.
The gnoll hits you with a +0 flail! The jackal barely misses you.
The jackal closely misses you.
You shoot an arrow. The arrow hits the gnoll!
You kill the gnoll!
The jackal bites you but does no damage. x2
The gnoll closely misses you. The gnoll completely misses you.
The jackal closely misses you. The jackal barely misses you.
Your Ranged Weapons skill increases to level 5!
You shoot an arrow. The arrow hits the gnoll.
The gnoll is severely wounded.
The gnoll hits you from afar with a +0 halberd!
* * * LOW HITPOINT WARNING * * *
The gnoll barely misses you. The jackal closely misses you.
The jackal bites you but does no damage.
The gnoll hits you from afar with a +0 halberd!
You die...

......# ...<#..
.....#. .......
# ....... ...##
g.....#
<.....##h.....#
#..@g......
.......)h......
...###....##...
. ..#### . .##
.# .. ##


You could see 2 gnolls and 2 jackals.

Vanquished Creatures
  Jessica (D:2)
  3 gnolls
  An adder (D:2)
  A worm (D:2)
  2 endoplasms
  A giant cockroach (D:1)
  10 goblins
  3 hobgoblins (D:1)
  5 jackals
  7 kobolds
  2 ball pythons (D:1)
  7 bats
  2 frilled lizards
  3 rats
48 creatures vanquished.

Notes
Turn   | Place    | Note
-------+----------+-------------------------------------------
     0 | D:1      | gelatine the Demonspawn Hunter began the quest for the Orb.
     0 | D:1      | Reached XP level 1. HP: 16/16 MP: 1/1
    62 | D:1      | Gained mutation: You are partially covered in razor-sharp
                  | scales. (AC +1, Slay +1) [demonic ancestry]
    62 | D:1      | Reached XP level 2. HP: 22/22 MP: 2/2
    73 | D:1      | Reached skill level 4 in Ranged Weapons
   208 | D:1      | Gained mutation: A weak demonic guardian rushes to your
                  | aid. [demonic ancestry]
   208 | D:1      | Reached XP level 3. HP: 21/27 MP: 3/3
   705 | D:2      | Reached skill level 1 in Stealth
   924 | D:3      | Noticed Jessica
   933 | D:2      | Killed Jessica
   934 | D:2      | Reached XP level 4. HP: 30/34 MP: 4/4
   990 | D:3      | Reached skill level 5 in Ranged Weapons
   990 | D:3      | Mangled by a gnoll

Illustrated notes

Levels and vault maps discovered:
D:1:      beargit_arrival_greenhouse, layout_rooms, serial_park_tiny_1,
          minmay_misc_feat_encased
D:2:      layout_basic, kennysheep_generic_room_13
D:3:      layout_rooms, serial_shops, nicolae_shop_behind_doors, uniq_grinder,
          uniq_jessica

Skill      XL: |  1  2  3  4 |
---------------+-------------+-----
Ranged Weapons | 4 5 |  5.0
Stealth        | 1 |  1.3
Dodging        | 2 |  2.0
Fighting       | |  2.5
Armour         | |  0.4

Action                   |  1- 3 |  4- 6 || total
-------------------------+-------+-------++-------
 Fire: Shortbow          |   105 |    13 ||   118
Armor: Leather armour    |     8 |       ||     8
       Ring mail         |     1 |    10 ||    11
Dodge: Dodged            |    31 |    26 ||    57

Table legend: (Time is in decaauts)
 A = Elapsed time spent in this place.
 B = Non-inter-level travel time spent in this place.
 C = Inter-level travel time spent in this place.
 D = Time resting spent in this place.
 E = Time spent auto-exploring this place.
 F = Levels seen in this place.
 G = Mean time per level.
                   A        B        C        D        E       F      G
               +--------+--------+--------+--------+--------+-----+--------+
         Total |   1030 |    973 |     57 |      0 |    721 |   3 |  343.3 |
       Dungeon |   1030 |    973 |     57 |      0 |    721 |   3 |  343.3 |
               +--------+--------+--------+--------+--------+-----+--------+

Top non-repeatable levels by time:
     D:1: 538 daAuts
     D:2: 477 daAuts
     D:3: 14 daAuts
